 Dungeon Crawl Stone Soup version 0.31-a0-1009-g454b1f1e0a (webtiles) character file.

Game seed: 2762304891222263656

539 Gumption the Shield-Bearer (level 7, -15/67 HPs)
             Began as a Troll Fighter on Nov 16, 2023.
             Was an Initiate of the Shining One.
             Demolished by an ogre
             ... wielding a +0 giant spiked club
              (34 damage)
             ... on level 4 of the Dungeon.
             The game lasted 00:17:25 (2689 turns).

Gumption the Shield-Bearer (Troll Fighter)          Turns: 2689, Time: 00:17:26

Health: -15/67     AC:  4    Str: 25    XL:     7   Next: 5%
Magic:  6/6        EV:  9    Int:  4    God:    the Shining One [......]
Gold:   297        SH:  9    Dex: 11    Spells: 6/6 levels left

rFire   + .          .
                       - Unarmed
rCold   . . .        b - +0 kite shield
rNeg    . . .        a - +0 robe
rPois   .            (helmet restricted)
rElec   .            (no cloak)
rCorr   .            (gloves unavailable)
SInv    .            (boots unavailable)
Will    .....        (no amulet)
Stlth   +            x - ring of protection from fire
HPRegen 1.11/turn    (no ring)
MPRegen 0.10/turn

%: no passive effects
@: glowing
A: large, unfitting armour, claws 3, regeneration 1, shaggy fur 1, tough skin 1
a: Renounce Religion


You were on level 4 of the Dungeon.
You worshipped the Shining One.
The Shining One was noncommittal.
You visited 2 branches of the dungeon, and saw 5 of its levels.

You collected 297 gold pieces.

Inventory:

Missiles
 f - 21 stones
 w - 5 poisoned darts (quivered)
Armour
 a - a +0 robe (worn)
 b - a +0 kite shield (worn)
Jewellery
 u - a ring of wizardry
 x - a ring of protection from fire (left claw)
Scrolls
 h - a scroll of vulnerability
 j - a scroll of poison {unknown}
 k - a scroll of enchant weapon {unknown}
 m - a scroll of fear {unknown}
 s - a scroll of teleportation {unknown}
 v - a scroll of silence {unknown}
 y - 2 scrolls of revelation {unknown}
 z - a scroll of identify
Potions
 c - a potion of might
 d - a potion of curing
 e - a potion of heal wounds
 g - a potion of haste
 i - a potion of magic
 l - a potion of degeneration {unknown}
 n - a potion of invisibility {unknown}
 o - a potion of berserk rage {unknown}
 p - a potion of brilliance {unknown}
 q - a potion of enlightenment {unknown}
 r - a potion of attraction {unknown}
 t - a potion of mutation {unknown}


   Skills:
 + Level 3.3 Fighting
 + Level 3.4 Dodging
 * Level 4.9 Shields
 * Level 4.6 Unarmed Combat


You had 6 spell levels left.
You didn't know any spells.
Your spell library contained the following spells:

 Spells                   Type           Power      Damage    Failure   Level
 Summon Small Mammal      Summ           0%         N/A       75%         1
 Lesser Beckoning         Tloc           0%         N/A       86%         2
 Call Canine Familiar     Summ           0%         N/A       98%         3
 Gell's Gravitas          Tloc           0%         N/A       98%         3
 Summon Guardian Golem    Hex/Summ       0%         N/A       98%         3
 Teleport Other           Tloc           0%         N/A       98%         3
 Summon Forest            Summ/Tloc      0%         N/A       100%        5
 Dispersal                Tloc           0%         N/A       100%        6
 Eringya's Noxious Bog    Tmut/Pois      0%         4d6       100%        6
 Summon Hydra             Summ           0%         N/A       100%        7


Dungeon Overview and Level Annotations

Branches:
Dungeon (4/15)             Temple (1/1) D:4

Altars:
Cheibriados
Dithmenos
Elyvilon
Fedhas
Kikubaaqudgha
Makhleb
Nemelex Xobeh
Okawaru
Qazlal
Ru
Sif Muna
Vehumet
Wu Jian
Xom
Zin
The Shining One

Shops:
D:2 (


Innate Abilities, Weirdness & Mutations

You are too large for most types of armour.
You have claws for hands.
Your natural rate of healing is unusually fast.
You are covered in fur. (AC +1)
You have tough skin. (AC +1)


Message History

Found a white marble altar of Elyvilon.
Found a radiant altar of Vehumet.
There is a shadowy altar of Dithmenos here.
There is a burning altar of Makhleb here.
There is a stormy altar of Qazlal here.
There is a sparkling altar of Nemelex Xobeh here.
There is an ancient bone altar of Kikubaaqudgha here.
There is an ornate altar of the Wu Jian Council here.
There is a glowing golden altar of the Shining One here.
There is a sacrificial altar of Ru here.
There is a shimmering blue altar of Sif Muna here.
There is an iron altar of Okawaru here.
There is a shimmering altar of Xom here.
There is a white marble altar of Elyvilon here.
There is a radiant altar of Vehumet here.
There is a blossoming altar of Fedhas here.
There is a radiant altar of Vehumet here.
There is a white marble altar of Elyvilon here.
You kneel at the altar of Elyvilon.
Done exploring.
There is a glowing silver altar of Zin here.
There is an ancient bone altar of Kikubaaqudgha here.
There is a glowing golden altar of the Shining One here.
You kneel at the altar of the Shining One.
The Shining One welcomes you!
There is a staircase back to the Dungeon here.
You climb upwards.
Welcome back to the Dungeon!
The ogre hits you with a +0 giant spiked club!!!
Ouch! That really hurt!
* * * LOW HITPOINT WARNING * * *
There is a staircase to the Ecumenical Temple, spattered with blood here.
You claw the ogre!
The ogre is moderately wounded.
The ogre hits you with a +0 giant spiked club!
* * * LOW HITPOINT WARNING * * *
You scratch the ogre.
The ogre is moderately wounded.
The ogre hits you with a +0 giant spiked club!!
Ouch! That really hurt!
You die...

.###### . # #### .....#
.. # ... #.##.# O.. #
#.##.##.##.## .... #
#.#.........### ..... #
#.............##...... #
#..⌠...⌠..#..†....?. #
###.........#..#.#####
#......@......## #
#.#...O.†...#.##.#######
#..⌠...⌠..#.##........
..............#########.
.##....!....### #.
##.##.##.### #.
#..#..##..)#### ##
##.#.##.......#
......#..##.###


You could see an ogre.

Vanquished Creatures
  Sigmund (D:3)
  A black bear (D:4)
  A scorpion (D:4)
  A jelly (D:4)
  Jessica (D:3)
  Robin (D:3)
  10 adders
  A dart slug (D:4)
  An orc (D:3)
  9 ball pythons
  10 bats
  6 endoplasms
  4 giant cockroaches
  11 goblins
  11 hobgoblins
  2 quokkas (D:1)
  5 frilled lizards
  3 kobolds (D:3)
  3 rats
82 creatures vanquished.

Notes
Turn   | Place    | Note
-------+----------+-------------------------------------------
     0 | D:1      | Gumption the Troll Fighter began the quest for the Orb.
     0 | D:1      | Reached XP level 1. HP: 22/22 MP: 0/0
   230 | D:1      | Reached XP level 2. HP: 29/29 MP: 1/1
   605 | D:1      | Reached XP level 3. HP: 36/36 MP: 2/2
   869 | D:2      | You fall into a shaft and drop 1 floor!
   966 | D:2      | Found Cykeo's Weapon Boutique.
  1287 | D:3      | Reached XP level 4. HP: 44/44 MP: 3/3
  1292 | D:3      | Noticed Sigmund
  1491 | D:3      | Found a snail-covered altar of Cheibriados.
  1539 | D:3      | Noticed Robin
  1586 | D:3      | Killed Robin
  1775 | D:3      | Killed Sigmund
  1776 | D:3      | Reached XP level 5. HP: 39/53 MP: 4/4
  1776 | D:3      | Reached XP level 6. HP: 45/61 MP: 5/5
  1866 | D:3      | Noticed Jessica
  1875 | D:3      | Killed Jessica
  2480 | D:4      | Found a staircase to the Ecumenical Temple.
  2502 | D:4      | Reached XP level 7. HP: 65/67 MP: 6/6
  2522 | Temple   | Entered the Ecumenical Temple
  2668 | Temple   | Became a worshipper of the Shining One
  2689 | D:4      | Demolished by an ogre

Illustrated notes

Levels and vault maps discovered:
D:1:      dpeg_arrival_simpleton_c, layout_loops_ring, minmay_misc_feat_tiny,
          minmay_tetromino_l2
D:2:      layout_rooms, serial_shops, shop
D:3:      layout_loops_ring, general_overflow_altar, minmay_pentomino_pile,
          uniq_jessica, uniq_sigmund, uniq_robin
D:4:      layout_loops_cross, minmay_temple_entry_large_hall
Temple:   hellmonk_temple_of_storms

Skill      XL: |  1  2  3  4  5  6 |
---------------+-------------------+-----
Shields        | 3 4 |  4.9
Unarmed Combat | 3 4 |  4.6
Fighting       | 3 |  3.3
Dodging        | 3 |  3.4

Action                     |  1- 3 |  4- 6 |  7- 9 || total
---------------------------+-------+-------+-------++-------
  Melee: Unarmed           |   104 |   137 |     6 ||   247
  Throw: Dart              |       |     6 |       ||     6
    Use: Scroll            |       |     5 |       ||     5
   Stab: Sleeping          |     1 |       |       ||     1
 Armour: Robe              |    58 |    62 |     4 ||   124
  Dodge: Dodged            |    42 |    44 |     1 ||    87
  Block: Kite shield       |    44 |    50 |     3 ||    97

Table legend: (Time is in decaauts)
 A = Elapsed time spent in this place.
 B = Non-inter-level travel time spent in this place.
 C = Inter-level travel time spent in this place.
 D = Time resting spent in this place.
 E = Time spent auto-exploring this place.
 F = Levels seen in this place.
 G = Mean time per level.
                   A        B        C        D        E       F      G
               +--------+--------+--------+--------+--------+-----+--------+
         Total |   2703 |   2703 |      0 |     63 |   1179 |   5 |  540.6 |
       Dungeon |   2538 |   2538 |      0 |     63 |   1179 |   4 |  634.5 |
        Temple |    164 |    164 |      0 |      0 |      0 |   1 |  164.0 |
               +--------+--------+--------+--------+--------+-----+--------+

Top non-repeatable levels by time:
     D:3: 979 daAuts
     D:1: 797 daAuts
     D:2: 462 daAuts
     D:4: 300 daAuts
  Temple: 164 daAuts
